 Dungeon Crawl Stone Soup version 0.28.0-45-g0d030f2227 (webtiles) character file.

Game seed: 10779559194104765898

545 MisterFreud the Covert (level 7, 0/60 HPs)
             Began as a Gnoll Delver on May 30, 2022.
             Succumbed to an adder's poison
             ... on level 5 of the Dungeon.
             The game lasted 00:02:16 (1422 turns).

MisterFreud the Covert (Gnoll Delver)               Turns: 1422, Time: 00:02:16

Health: 0/60       AC:  3    Str: 11    XL:     7   Next: 27%
Magic:  10/10      EV: 13    Int: 12    God:
Gold:   12         SH:  0    Dex: 13    Spells: 10/10 levels left

rFire   . . .      SeeInvis .   a - +1 short sword
rCold   . . .      Faith    .   (no shield)
rNeg    . . .      Spirit   .   b - +0 leather armour
rPois   .          Reflect  .   (no helmet)
rElec   .          Harm     .   (no cloak)
rCorr   .          Rampage  .   (no gloves)
Will    .....                   (no boots)
Stlth   ++++......              (no amulet)
HPRegen 0.20/turn               (no ring)
MPRegen 0.12/turn               (no ring)

@: lethally poisoned (0 -> -4)
A: fangs 1, strong nose, distributed training
a: no special abilities


You were on level 5 of the Dungeon.
You visited 1 branch of the dungeon, and saw 2 of its levels.

You collected 12 gold pieces.

Inventory:

Hand Weapons
 a - a +1 short sword (weapon)
Armour
 b - a +0 leather armour (worn)
Wands
 g - a wand of digging (2)
Scrolls
 c - 2 scrolls of fog
 d - a scroll of magic mapping
 e - a scroll of fear
Potions
 f - 2 potions of haste


   Skills:
 + Level 7.0 Fighting
 + Level 5.2 Short Blades
 + Level 2.3 Long Blades
 + Level 2.3 Axes
 + Level 2.3 Maces & Flails
 + Level 2.3 Polearms
 + Level 2.3 Staves
 + Level 2.3 Slings
 + Level 2.3 Bows
 + Level 2.3 Crossbows
 + Level 2.3 Throwing
 + Level 2.3 Armour
 + Level 5.2 Dodging
 + Level 9.9 Stealth
 + Level 2.3 Shields
 + Level 2.3 Unarmed Combat
 + Level 2.3 Spellcasting
 + Level 1.9 Conjurations
 + Level 1.9 Hexes
 + Level 1.9 Summonings
 + Level 1.9 Necromancy
 + Level 1.9 Translocations
 + Level 1.9 Transmutations
 + Level 1.9 Fire Magic
 + Level 1.9 Ice Magic
 + Level 1.9 Air Magic
 + Level 1.9 Earth Magic
 + Level 1.9 Poison Magic
 + Level 2.6 Invocations
 + Level 2.3 Evocations


You had 10 spell levels left.
You didn't know any spells.
Your spell library contained the following spells:

 Spells                   Type           Power      Damage    Failure   Level
 Sandblast                Erth           12%        2d6       16%         1
 Shock                    Conj/Air       24%        1d4       16%         1
 Slow                     Hex            24%        N/A       16%         1


Dungeon Overview and Level Annotations

Branches:
Dungeon (6/15)
 Temple: D:4-7

Altars:
Nemelex Xobeh
Sif Muna
Vehumet


Innate Abilities, Weirdness & Mutations

You have very sharp teeth.
Your uncanny sense of smell can sniff out nearby items.
Your experience applies equally to all skills.


Message History

The adder is severely wounded.
You feel sick. The adder bites you.
* * * LOW HITPOINT WARNING * * *
You are more poisoned.
The adder poisons you!
You hit the adder but do no damage.
The adder is severely wounded.
You feel sick. The adder bites you but does no damage.
It was a potion of magic.
Magic courses through your body.
You feel very sick. The adder bites you but does no damage.
You are caught in the web!
You feel sick.
There is a web, spattered with blood here.
You disentangle yourself.
You feel sick. The adder bites you.
* * * LOW HITPOINT WARNING * * *
You are lethally poisoned!
The adder poisons you! The adder bites you but does no damage.
You are caught in the web!
* * * LOW HITPOINT WARNING * * *
You feel very sick.
The adder evades a web.
There is a web here.
You see here a bat skeleton.
You disentangle yourself.
* * * LOW HITPOINT WARNING * * *
You feel sick. The adder bites you but does no damage.
As you read the scroll labelled RUGHAZ MAOSO, it crumbles to dust.
It is a scroll of enchant weapon.
Your +0 short sword glows red for a moment.
* * * LOW HITPOINT WARNING * * *
You feel sick.
The scorpion is caught in a web!
A scorpion comes into view.
The adder barely misses you.
A scorpion comes into view.
The adder completely misses you.
The scorpion pulls away from the web.
There is a lethal amount of poison in your body!
Unknown command.
* * * LOW HITPOINT WARNING * * *
You feel sick.
The scorpion evades a web.
The adder barely misses you.
You die...

##.# .# #..#..# #..#..#
######## .... #...).†.
##.# #.###### ###..#
#.##.... #..#.# # #(##.###
#.##.#.## #.##.# #
##@#.....# #.##.# ∆#.
#S##.#####.#.##.#
∆##.##s##.......#....# ∆
#...s##..##############
#.^^##.................
^.....###..######.........
##...s #..........########
..... #.#######..........
^..P. #.# #...#######


You could see 3 scorpions and an adder.

Vanquished Creatures
  2 ogres
  3 scorpions (D:5)
  A howler monkey (D:5)
  A bullfrog zombie (D:5)
  2 hounds (D:5)
  A howler monkey zombie (D:5)
  5 adders (D:5)
  A shadow imp (D:5)
  9 bats (D:5)
25 creatures vanquished.

Vanquished Creatures (others)
  8 fungi (D:5)
8 creatures vanquished.

Grand Total: 33 creatures vanquished

Notes
Turn   | Place    | Note
-------+----------+-------------------------------------------
     0 | D:5      | Reached skill level 9 in Stealth
     0 | D:5      | MisterFreud the Gnoll Delver began the quest for the Orb.
     0 | D:5      | Reached XP level 1. HP: 23/23 MP: 1/1
     1 | D:6      | Noticed an ogre
     3 | D:6      | Killed an ogre
     4 | D:6      | Reached skill level 1 in Long Blades
     4 | D:6      | Reached skill level 1 in Axes
     4 | D:6      | Reached skill level 1 in Maces & Flails
     4 | D:6      | Reached skill level 1 in Polearms
     4 | D:6      | Reached skill level 1 in Staves
     4 | D:6      | Reached skill level 1 in Slings
     4 | D:6      | Reached skill level 1 in Bows
     4 | D:6      | Reached skill level 1 in Crossbows
     4 | D:6      | Reached skill level 1 in Throwing
     4 | D:6      | Reached skill level 1 in Armour
     4 | D:6      | Reached skill level 1 in Shields
     4 | D:6      | Reached skill level 1 in Unarmed Combat
     4 | D:6      | Reached skill level 1 in Spellcasting
     4 | D:6      | Reached skill level 1 in Invocations
     4 | D:6      | Reached skill level 1 in Evocations
     4 | D:6      | Reached XP level 2. HP: 29/29 MP: 1/3
     4 | D:6      | Reached XP level 3. HP: 35/35 MP: 1/4
     4 | D:6      | Reached XP level 4. HP: 41/41 MP: 1/5
   124 | D:5      | Reached skill level 1 in Conjurations
   124 | D:5      | Reached skill level 1 in Hexes
   124 | D:5      | Reached skill level 1 in Summonings
   124 | D:5      | Reached skill level 1 in Necromancy
   124 | D:5      | Reached skill level 1 in Translocations
   124 | D:5      | Reached skill level 1 in Transmutations
   124 | D:5      | Reached skill level 1 in Fire Magic
   124 | D:5      | Reached skill level 1 in Ice Magic
   124 | D:5      | Reached skill level 1 in Air Magic
   124 | D:5      | Reached skill level 1 in Earth Magic
   124 | D:5      | Reached skill level 1 in Poison Magic
   246 | D:5      | Found a shimmering blue altar of Sif Muna.
   263 | D:5      | Got Sif Muna's Grimoire of Malediction
   265 | D:5      | Got Sif Muna's Guide on the Mountains
   267 | D:5      | Got Sif Muna's Volume of Flight
   307 | D:5      | Found a radiant altar of Vehumet.
   367 | D:5      | Found a sparkling altar of Nemelex Xobeh.
   386 | D:5      | Noticed an ogre
   391 | D:5      | Killed an ogre
   392 | D:5      | Reached XP level 5. HP: 47/47 MP: 5/7
   419 | D:5      | Reached XP level 6. HP: 14/53 MP: 8/8
   696 | D:5      | Reached skill level 5 in Short Blades
   696 | D:5      | Reached skill level 5 in Dodging
   700 | D:5      | HP: 2/53 [poisoned by a scorpion]
  1144 | D:5      | Reached XP level 7. HP: 51/59 MP: 10/10
  1419 | D:5      | HP: 3/60 [poisoned by an adder]
  1420 | D:5      | HP: 1/60 [poisoned by an adder]
  1422 | D:5      | Succumbed to an adder's poison

Illustrated notes

Levels and vault maps discovered:
D:5:      old_forge, layout_basic, cheibriados_altar_1,
          nicolae_sif_muna_little_library, nemelex_altar_shiori,
          kennysheep_little_box
D:6:      layout_loops_ring, nicolae_qazlal_scattered_showers,
          minmay_temple_entry_enclosed_plants

Skill      XL: |  1  2  3  4  5  6  7 |
---------------+----------------------+-----
Stealth        | |  9.9
Long Blades    | 1 2 |  2.3
Axes           | 1 2 |  2.3
Maces & Flails | 1 2 |  2.3
Polearms       | 1 2 |  2.3
Staves         | 1 2 |  2.3
Slings         | 1 2 |  2.3
Bows           | 1 2 |  2.3
Crossbows      | 1 2 |  2.3
Throwing       | 1 2 |  2.3
Armour         | 1 2 |  2.3
Shields        | 1 2 |  2.3
Unarmed Combat | 1 2 |  2.3
Spellcasting   | 1 2 |  2.3
Invocations    | 1 2 |  2.6
Evocations     | 1 2 |  2.3
Conjurations   | 1 |  1.9
Hexes          | 1 |  1.9
Summonings     | 1 |  1.9
Necromancy     | 1 |  1.9
Translocations | 1 |  1.9
Transmutations | 1 |  1.9
Fire Magic     | 1 |  1.9
Ice Magic      | 1 |  1.9
Air Magic      | 1 |  1.9
Earth Magic    | 1 |  1.9
Poison Magic   | 1 |  1.9
Short Blades   | 5 |  5.2
Dodging        | 5 |  5.2
Fighting       | 7 |  7.0

Action                   |  1- 3 |  4- 6 |  7- 9 || total
-------------------------+-------+-------+-------++-------
Melee: Short sword       |     1 |    63 |    78 ||   142
       Bite              |       |    11 |     6 ||    17
       Punch             |       |       |     5 ||     5
Evoke: Wand              |       |     1 |       ||     1
  Use: Scroll            |       |       |     1 ||     1
       Potion            |       |       |     1 ||     1
 Stab: Sleeping          |     1 |     6 |       ||     7
       Held in net/web   |       |     1 |       ||     1
Armor: Leather armour    |       |     7 |    26 ||    33
Dodge: Dodged            |       |    21 |    70 ||    91
